Map: Ley Lines

Players

A.I. 1 (Elite)

  • Race: Zerg Zerg
  • Spawn Location: 7:00

A.I. 2 (Elite)

  • Race: Terran Terran
  • Spawn Location: 1:00

VOD

Have the link to the VOD?

Description

Time

  • Played on: June 19, 2025, 7:51 p.m.
  • Length: 15:37
Show
View Real Time Build Order
Export as new Build Order

A.I. 1 (Elite) Zerg 

Build Orders: Hatch First 

Get SALT Encoding   

  12  0:01  Drone  
  13  0:12  Overlord  
  13  0:17  Drone  
  14  0:30  Drone x2  
  14  0:34  Drone  
  17  0:54  Drone, Hatchery  
  17  1:08  Spawning Pool  
  17  1:10  Drone  
  17  1:14  Extractor  
  17  1:16  Extractor  
  15  1:18  Drone  
  15  1:22  Drone  
  17  1:28  Drone  
  18  1:38  Drone  
  19  1:49  Overlord  
  19  2:00  Lair, Zergling x2  
  20  2:06  Drone  
  21  2:26  Queen  
  23  2:30  Drone  
  23  2:35  Drone  
  25  2:40  Drone  
  25  2:43  Drone  
  27  2:48  Drone  
  28  2:52  Drone  
  28  2:55  Drone  
  30  3:00  Drone  
  30  3:03  Drone  
  32  3:16  Spire  
  32  3:17  Drone  
  32  3:25  Overlord  
  32  3:33  Queen  
  34  3:36  Drone  
  34  3:38  Drone  
  36  3:43  Drone  
  36  3:45  Overlord  
  37  3:50  Overlord  
  37  4:24  Overlord  
  37  4:28  Mutalisk x4  
  37  4:30  Mutalisk  
  47  4:36  Mutalisk  
  49  4:38  Drone  
  49  4:40  Drone, Zergling x2  
  49  4:41  Drone x2, Extractor  
  49  4:44  Roach Warren  
  52  4:48  Extractor  
  52  4:49  Drone  
  52  4:50  Drone  
  53  4:57  Drone, Hydralisk Den  
  53  4:59  Drone  
  54  5:01  Drone  
  54  5:03  Drone  
  54  5:05  Drone  
  57  5:10  Overlord  
  57  5:12  Drone  
  58  5:14  Drone  
  58  5:16  Drone  
  58  5:19  Drone  
  61  5:21  Drone  
  61  5:22  Drone  
  61  5:25  Roach  
  61  5:26  Hydralisk  
  67  5:32  Roach  
  67  5:34  Overlord  
  69  5:39  Hydralisk, Roach  
  69  5:40  Roach  
  75  5:43  Drone  
  76  5:52  Drone, Overlord, Roach  
  76  5:54  Roach  
  82  5:57  Drone  
  82  6:05  Drone  
  82  6:07  Drone  
  84  6:11  Overlord, Roach x2  
  84  6:12  Infestation Pit  
  84  6:15  Drone, Roach  
  90  6:28  Drone, Evolution Chamber  
  90  6:29  Drone, Overlord  
  90  6:32  Roach  
  93  6:34  Hatchery  
  92  6:42  Drone  
  92  6:44  Ravager  
  92  6:45  Evolution Chamber  
  94  6:47  Drone  
  94  6:49  Overlord, Infestor  
  94  6:52  Roach  
  98  6:54  Zerg Missile Weapons Level 1  
  98  6:55  Infestor  
  98  6:56  Ravager  
  98  6:59  Roach  
  98  7:01  Hydralisk  
  103  7:03  Zergling x2  
  103  7:06  Hydralisk  
  108  7:09  Overlord  
  108  7:11  Zerg Ground Armor Level 1  
  108  7:21  Infestor  
  110  7:28  Overlord  
  110  7:30  Overseer  
  110  7:35  Infestor  
  110  7:36  Zergling x4  
  110  7:37  Zergling x8  
  115  7:43  Evolution Chamber  
  115  7:44  Metabolic Boost  
  116  7:46  Drone, Zergling x4  
  116  7:47  Drone x2  
  116  7:48  Drone  
  116  7:50  Overlord  
  116  7:51  Drone x2  
  124  7:53  Extractor  
  124  7:57  Drone  
  124  7:58  Drone  
  125  7:59  Drone  
  126  8:07  Drone  
  126  8:09  Drone x2, Zerg Melee Weapons Level 1  
  129  8:15  Neural Parasite  
  129  8:18  Drone x2, Overlord  
  129  8:19  Drone, Roach  
  134  8:21  Drone  
  134  8:22  Drone, Baneling Nest  
  134  8:23  Drone  
  134  8:24  Drone  
  135  8:29  Drone  
  135  8:31  Drone  
  135  8:32  Drone  
  107  8:39  Zergling x2  
  100  8:42  Roach x2  
  104  8:49  Infestor  
  104  8:50  Drone, Infestor, Roach  
  104  8:51  Spine Crawler  
  104  8:53  Drone, Spine Crawler  
  104  8:54  Drone, Roach  
  104  8:55  Drone, Extractor, Roach  
  116  9:01  Drone  
  116  9:04  Roach  
  116  9:05  Baneling, Roach  
  116  9:07  Zerg Missile Weapons Level 2  
  120  9:12  Zergling x2  
  120  9:15  Roach  
  120  9:16  Zergling x2  
  119  9:22  Drone, Roach x2, Zergling x2  
  121  9:24  Hydralisk  
  121  9:25  Hydralisk x2  
  121  9:26  Overseer  
  121  9:27  Roach x2  
  127  9:34  Hydralisk  
  127  9:35  Hatchery  
  122  9:44  Spore Crawler  
  122  9:45  Drone  
  122  9:46  Spore Crawler, Zerg Ground Armor Level 2  
  122  9:48  Drone  
  122  9:49  Queen  
  122  9:52  Ravager x2  
  126  9:53  Roach  
  126  9:54  Overlord, Roach  
  126  9:56  Roach  
  130  10:01  Spine Crawler  
  130  10:02  Drone, Glial Reconstitution  
  130  10:03  Spine Crawler  
  130  10:04  Drone  
  130  10:06  Zergling x4  
  130  10:07  Zergling x2  
  133  10:11  Zerg Melee Weapons Level 2  
  133  10:27  Hydralisk  
  135  10:30  Overlord, Hydralisk  
  135  10:35  Queen  
  137  10:38  Lurker Den  
  137  10:42  Spore Crawler  
  137  10:44  Spore Crawler  
  137  10:46  Spine Crawler  
  137  10:47  Drone  
  137  10:48  Drone x3  
  137  10:49  Drone x2  
  142  10:50  Drone x2, Spore Crawler  
  142  10:52  Ravager, Roach  
  145  10:57  Ravager  
  145  10:58  Overlord, Roach  
  145  11:00  Extractor  
  145  11:01  Drone, Roach  
  145  11:02  Roach  
  152  11:12  Drone, Extractor  
  152  11:16  Hatchery  
  151  11:18  Drone  
  151  11:23  Zergling x2  
  151  11:24  Overseer  
  153  11:26  Drone, Spine Crawler  
  153  11:35  Overseer  
  153  11:37  Spine Crawler  
  153  11:38  Drone, Hydralisk, Lurker  
  153  11:39  Overlord, Hydralisk, Lurker  
  159  11:41  Spore Crawler  
  159  11:43  Drone, Spine Crawler  
  159  11:45  Drone  
  159  11:46  Pneumatized Carapace, Zergling x4  
  161  11:58  Overlord  
  161  12:03  Baneling, Zergling x2  
  161  12:04  Baneling  
  161  12:05  Baneling  
  161  12:06  Zergling x2  
  161  12:07  Zergling x2  
  161  12:09  Baneling, Zergling x4  
  158  12:23  Spine Crawler  
  158  12:25  Drone  
  158  12:29  Queen  
  158  12:34  Infestor  
  162  12:39  Extractor  
  162  12:40  Drone  
  162  12:41  Extractor  
  162  12:42  Infestor  
  162  12:43  Drone  
  162  12:44  Spine Crawler  
  163  12:45  Drone, Hatchery  
  163  12:46  Drone  
  164  12:53  Burrow  
  164  12:57  Spine Crawler  
  163  12:59  Drone  
  163  13:00  Spine Crawler  
  163  13:02  Drone, Spine Crawler  
  163  13:03  Infestor  
  163  13:04  Drone  
  163  13:05  Overlord  
  166  13:06  Hive  
  166  13:19  Infestor  
  168  13:21  Hydralisk  
  168  13:22  Hydralisk  
  168  13:24  Hydralisk  
  168  13:26  Hydralisk  
  174  13:30  Corruptor  
  174  13:34  Corruptor  
  178  13:37  Corruptor  
  182  13:41  Spore Crawler, Corruptor  
  182  13:42  Drone  
  182  13:45  Corruptor  
  179  13:49  Zergling x4  
  179  13:50  Zergling x2  
  179  13:52  Zergling x2  
  179  13:53  Zergling x2  
  179  13:54  Zergling x2  
  179  13:55  Zergling x2  
  175  13:56  Zergling x2  
  175  13:57  Zergling x2, Queen  
  175  13:58  Spore Crawler  
  175  14:01  Drone  
  175  14:04  Roach x3  
  175  14:06  Spore Crawler  
  175  14:08  Drone, Hydralisk  
  175  14:09  Spine Crawler  
  174  14:10  Drone  
  174  14:14  Spore Crawler  
  174  14:15  Hatchery  
  174  14:16  Drone  
  174  14:18  Drone, Viper  
  174  14:21  Viper  
  174  14:22  Ultralisk Cavern  
  181  14:24  Drone  
  181  14:29  Roach x2  
  181  14:30  Corruptor  
  181  14:31  Roach  
  176  14:33  Roach  
  176  14:36  Roach  
  175  14:41  Spore Crawler  
  175  14:43  Drone  
  175  14:45  Drone, Spine Crawler  
  173  14:46  Viper  
  173  14:48  Spine Crawler  
  173  14:49  Drone  
  173  14:50  Viper  
  177  14:53  Infestor x3  
  177  14:55  Infestor  
  187  15:00  Ravager, Roach  
  187  15:04  Roach  
  187  15:08  Spore Crawler  
  187  15:09  Drone  
  193  15:29  Spore Crawler  
  193  15:31  Spore Crawler  
  193  15:32  Ravager  
Show
View Real Time Build Order
Export as new Build Order

A.I. 2 (Elite) Terran 

Build Orders: 2 Factory, Mech 

Get SALT Encoding   

  12  0:00  SCV  
  13  0:13  SCV  
  14  0:19  Supply Depot  
  14  0:25  SCV  
  15  0:40  SCV  
  16  0:43  Barracks  
  16  0:53  SCV  
  17  1:05  SCV  
  18  1:16  Supply Depot  
  18  1:17  SCV  
  19  1:22  Refinery  
  19  1:29  Marine, SCV  
  21  1:41  SCV  
  22  1:47  Marine  
  22  1:50  Refinery  
  22  1:53  SCV  
  24  2:05  Marine, SCV  
  26  2:17  SCV  
  26  2:22  Factory  
  27  2:23  Marine  
  27  2:29  SCV  
  29  2:41  Marine, Factory, SCV  
  29  2:44  Supply Depot  
  31  2:54  Orbital Command  
  31  3:05  Marine  
  32  3:07  Factory Tech Lab  
  32  3:19  SCV  
  33  3:23  Marine  
  34  3:28  Command Center, Factory Tech Lab  
  34  3:31  SCV  
  35  3:43  SCV  
  36  3:55  SCV  
  37  4:02  Barracks  
  37  4:07  SCV  
  37  4:08  Supply Depot  
  38  4:19  SCV  
  39  4:30  Siege Tank x2  
  45  4:31  SCV  
  45  4:33  Supply Depot  
  46  4:40  Marine, SCV  
  46  4:44  SCV  
  49  4:46  Supply Depot  
  49  4:52  SCV  
  50  4:56  SCV  
  50  4:58  Barracks  
  51  5:02  Siege Tank  
  51  5:03  Hellion  
  51  5:04  SCV  
  57  5:08  SCV  
  58  5:15  Barracks Tech Lab  
  58  5:16  SCV  
  58  5:17  Infernal Pre-Igniter  
  58  5:18  Marine, Factory  
  60  5:24  Siege Tank  
  60  5:25  Command Center  
  63  5:33  Marine  
  63  5:35  Hellion  
  66  5:50  Armory  
  66  5:56  Hellion  
  66  5:57  Hellion  
  70  6:01  Supply Depot  
  70  6:12  Armory  
  70  6:22  Siege Tank  
  75  6:32  Hellion  
  75  6:38  SCV  
  75  6:39  Terran Vehicle Weapons Level 1  
  76  6:48  Refinery  
  76  6:55  Refinery  
  76  6:57  Siege Tank, Hellion, Marauder  
  76  6:59  Terran Vehicle And Ship Armor Level 1  
  83  7:11  Command Center  
  83  7:14  SCV  
  85  7:15  SCV  
  85  7:17  SCV  
  85  7:19  Marauder  
  88  7:26  SCV  
  88  7:28  Supply Depot, SCV  
  90  7:40  Marauder  
  90  7:41  Engineering Bay  
  92  7:51  Engineering Bay  
  92  7:57  Orbital Command  
  92  8:02  Marauder  
  94  8:08  Terran Infantry Weapons Level 1  
  94  8:09  Missile Turret, Cyclone  
  94  8:10  Missile Turret  
  97  8:15  Supply Depot  
  97  8:17  Terran Infantry Armor Level 1  
  97  8:19  Cyclone  
  100  8:23  Marauder  
  100  8:25  SCV  
  96  8:27  SCV  
  96  8:30  SCV  
  96  8:32  Marine  
  78  8:35  Marine  
  65  8:41  Hellion  
  65  8:44  Marine  
  65  8:45  Hellion  
  64  8:49  Marine  
  64  8:53  Marine  
  66  9:02  Marauder  
  64  9:07  Marine  
  64  9:11  Marine  
  56  9:18  Hellion  
  56  9:23  Marine  
  55  9:24  Siege Tank, Hellion, SCV  
  55  9:25  Marine  
  55  9:39  Siege Tank  
  58  9:49  Marine  
  58  9:50  Marine  
  60  9:53  Marine  
  60  9:56  Command Center  
  60  9:57  SCV  
  60  9:59  SCV  
  62  10:01  SCV  
  65  10:07  Hellion, Marine  
  65  10:09  Marine, SCV  
  65  10:11  SCV  
  65  10:13  SCV  
  70  10:19  Hellion  
  70  10:21  SCV  
  73  10:23  SCV  
  73  10:25  SCV  
  75  10:29  Siege Tank  
  75  10:33  SCV  
  80  10:35  SCV  
  80  10:37  SCV  
  80  10:40  Siege Tank  
  80  10:41  Marauder  
  86  10:45  SCV  
  86  10:47  SCV  
  88  10:51  SCV  
  89  10:57  SCV  
  89  10:59  SCV  
  89  11:02  Siege Tank  
  89  11:03  Marauder, SCV  
  97  11:09  SCV  
  99  11:11  SCV  
  99  11:12  SCV  
  99  11:15  SCV  
  101  11:21  SCV  
  101  11:24  Siege Tank, Marine, Marauder  
  101  11:25  Hellion  
  110  11:29  Supply Depot, Marine  
  111  11:33  Command Center  
  111  11:34  Hellion  
  113  11:41  Terran Infantry Weapons Level 2  
  113  11:45  Terran Vehicle Weapons Level 2  
  113  11:46  Marauder  
  115  11:48  Orbital Command  
  115  11:56  Cyclone  
  115  11:57  Missile Turret  
  115  11:59  Hellion, Missile Turret  
  120  12:03  Supply Depot, Hellion  
  120  12:05  Marine  
  120  12:07  Marauder  
  115  12:09  Marine  
  92  12:20  Hellion  
  88  12:23  Marine  
  88  12:24  Siege Tank  
  88  12:25  Planetary Fortress  
  88  12:27  Marine  
  88  12:28  Marauder  
  88  12:29  Hellion  
  97  12:40  Starport  
  97  12:41  Marine  
  98  12:45  Widow Mine, Marine  
  98  12:48  SCV  
  98  12:49  SCV  
  98  12:50  Marauder, Siege Tank  
  108  12:51  SCV  
  108  12:52  SCV  
  108  12:56  Siege Tank  
  113  13:01  SCV  
  113  13:02  SCV x2  
  113  13:03  SCV  
  117  13:06  Marine  
  117  13:07  Marine  
  117  13:11  Marauder  
  121  13:17  Starport Tech Lab  
  121  13:20  Fusion Core  
  121  13:22  Siege Tank  
  124  13:28  Refinery  
  124  13:29  Siege Tank, Refinery  
  124  13:32  Marauder  
  129  13:34  Refinery  
  129  13:36  Refinery  
  129  13:43  Planetary Fortress  
  129  13:45  Raven  
  129  13:46  Widow Mine, Supply Depot  
  131  13:54  Marauder, Siege Tank  
  107  13:57  Missile Turret, Marine  
  107  13:58  Marine  
  107  14:01  Missile Turret  
  82  14:04  Hellion, SCV  
  82  14:06  SCV  
  82  14:07  Hellion  
  75  14:15  Marauder, Marine  
  75  14:16  Marine, SCV  
  77  14:19  Medivac  
  71  14:25  Hellion  
  71  14:26  Siege Tank, SCV  
  71  14:28  SCV  
  66  14:33  Marine  
  66  14:37  Marauder, Marine  
  55  14:51  Marine, Raven  
  49  14:54  Command Center, SCV  
  49  14:55  Marine  
  49  14:57  Marine  
  48  15:06  Hellion  
  41  15:09  Marine  
  36  15:15  Marine  
  36  15:16  Marine  
Tags
 
Composition
Mech
Matchup
TvZ
Spawn Locations
Cross Positions
Add a new tag
Caveats
  • Supply blocks, unpowered buildings, or Contaminate may cause inaccurate times.
  • Supply counts are checked every 10 seconds.